 Dungeon Crawl Stone Soup version 0.23.0 (webtiles) character file.

Game seed: 943436049313551429

67 Monsterracer the Chopper (level 3, -7/49 HPs)
             Began as a Minotaur Berserker on Feb 9, 2019.
             Was a Believer of Trog.
             Mangled by a gnoll
             ... wielding a +0 flail
              (9 damage)
             ... on level 2 of the Dungeon.
             The game lasted 00:01:04 (532 turns).

Monsterracer the Chopper (Minotaur Berserker)        Turns: 532, Time: 00:01:05

Health: -7/49      AC:  2    Str: 26    XL:     3   Next: 98%
Magic:  2/2        EV: 12    Int:  4    God:    Trog [**....]
Gold:   17         SH:  0    Dex: 10    Spells: 2/2 levels left

rFire    . . .     SeeInvis .   a - +0 hand axe
rCold    . . .     Gourm    .   (no shield)
rNeg     . . .     Faith    .   b - +0 animal skin
rPois    +         Spirit   .   (helmet restricted)
rElec    .         Reflect  .   (no cloak)
rCorr    .         Harm     .   (no gloves)
MR       .....                  (no boots)
Stlth    ..........             (no amulet)
HPRegen  0.16/turn              P - ring of poison resistance {!d}
MPRegen  0.08/turn              (no ring)

@: berserking (expiring), very quick
A: retaliatory headbutt, horns 2
a: Berserk, Trog's Hand, Renounce Religion


You were on level 2 of the Dungeon.
You worshipped Trog.
Trog was pleased with you.
You were not hungry.

You visited 1 branch of the dungeon, and saw 2 of its levels.

You collected 17 gold pieces.

Inventory:

Hand Weapons
 a - a +0 hand axe (weapon)
Armour
 b - a +0 animal skin (worn)
Jewellery
 P - a ring of poison resistance (left hand) {!d}
Scrolls
 e - a scroll of remove curse {unknown}
Potions
 d - a potion of berserk rage {unknown}
 f - 2 potions of mutation {unknown}
 g - a potion of invisibility {unknown}
Comestibles
 c - 3 rations


   Skills:
 + Level 4.1 Fighting
 * Level 4.6 Axes
 + Level 3.2 Armour
 + Level 2.8 Dodging


You had 2 spell levels left.
You didn't know any spells.
Your spell library was empty.

Dungeon Overview and Level Annotations

Branches:
Dungeon (2/15)

Altars:


Innate Abilities, Weirdness & Mutations

You reflexively headbutt those who attack you in melee.
You have a pair of horns on your head.


Message History

A gnoll comes into view. It is wielding a +0 halberd.
The jackal bites you but does no damage.
You closely miss the jackal.
You headbutt the jackal, but do no damage.
The jackal closely misses you.
The jackal bites you but does no damage.
You barely miss the jackal. The jackal barely misses you.
You hit the jackal.
You kill the jackal!
Trog accepts your kill.
You can now call upon Trog for regeneration and magic resistance.
Your Fighting skill increases to level 4!
The jackal bites you.
You slash the jackal!
You kill the jackal!
Trog accepts your kill.
You hit the jackal. Your headbutt misses the jackal.
The jackal is severely wounded.
The jackal bites you. x2
You take 4 damage, and have 22/33 hp.
You barely miss the jackal.
The jackal is severely wounded.
The jackal bites you. The jackal barely misses you. You furiously retaliate!
You headbutt the jackal!
You kill the jackal!
Trog accepts your kill. The frilled lizard barely misses you.
The gnoll hits you with a +0 flail.
Found a whip.
Things that are here:
a jackal corpse x2
You are too injured to fight recklessly!
You are too injured to fight recklessly!
You are too injured to fight recklessly!
You take 6 damage, and have 16/33 hp.
Unknown command.
You are too injured to fight recklessly!
You are too injured to fight recklessly!
You are too injured to fight recklessly!
You are too injured to fight recklessly!
You are too injured to fight recklessly!
A red film seems to cover your vision as you go berserk!
You feel yourself moving faster!
You feel mighty!
You feel a lot more hungry.
The frilled lizard bites you but does no damage.
The gnoll misses you.
You now have 25/49 hp.
You miss the frilled lizard. You slash the gnoll!
The frilled lizard barely misses you. You furiously retaliate!
You headbutt the frilled lizard!!
You kill the frilled lizard!
Trog accepts your kill.
You slash the gnoll!
The gnoll is heavily wounded.
You barely miss the gnoll. The gnoll closely misses you.
You closely miss the gnoll.
The gnoll is heavily wounded.
You closely miss the gnoll. The gnoll closely misses you.
You furiously retaliate!
You headbutt the gnoll. The gnoll barely misses you.
You hit the gnoll.
You kill the gnoll!
Trog accepts your kill.
Your Armour skill increases to level 3!
You closely miss the gnoll. The gnoll closely misses you.
You hit the hound skeleton.
The hound skeleton is moderately damaged.
You slash the gnoll!
You kill the gnoll!
Trog accepts your kill. The hound skeleton barely misses you.
The gnoll misses you.
You slash the hound skeleton!
The hound skeleton is almost destroyed.
The hound skeleton closely misses you.
The gnoll hits you from afar with a +0 halberd!!
* * * LOW HITPOINT WARNING * * *
You take 19 damage, and have 6/49 hp.
MASSIVE DAMAGE!!
You closely miss the hound skeleton.
The hound skeleton is almost destroyed.
You slash the gnoll!
The hound skeleton completely misses you.
The gnoll closely misses you.
You barely miss the hound skeleton. You headbutt the hound skeleton.
You destroy the hound skeleton!
Trog accepts your kill.
You hit the gnoll. The gnoll closely misses you.
The gnoll hits you with a +0 flail.
* * * LOW HITPOINT WARNING * * *
There is an escape hatch in the ceiling here.
You see here a gnoll corpse.
You slash the gnoll!
The gnoll is severely wounded.
You barely miss the gnoll. The gnoll barely misses you.
You closely miss the gnoll.
The gnoll is severely wounded.
You closely miss the gnoll. The gnoll hits you with a +0 flail.
* * * LOW HITPOINT WARNING * * *
You take 4 damage, and have 2/49 hp.
You barely miss the gnoll.
The gnoll is severely wounded.
You barely miss the gnoll. The gnoll misses you.
The gnoll hits you with a +0 flail!
You die...

.# .# .# .############
.#..........#####
...)............#
.#..........###.#
.#..........#
#†######.#
.#..........#
#g@....).#
.#..........#
##.g......
##..........# #.......#
#..........####...[...#
#######...............#
#.#######.......# #.#
#.......# #.# #.......#
#.#


You could see 2 gnolls.

Vanquished Creatures
  A hound skeleton (D:2)
  3 gnolls
  A dart slug (D:1)
  3 goblins
  5 hobgoblins
  4 jackals (D:2)
  A kobold (D:1)
  A bat (D:1)
  2 frilled lizards
  3 rats
24 creatures vanquished.

Notes
Turn   | Place    | Note
-------+----------+-------------------------------------------
     0 | D:1      | Monsterracer the Minotaur Berserker began the quest for the
                  | Orb.
     0 | D:1      | Reached XP level 1. HP: 19/19 MP: 0/0
    23 | D:1      | Reached XP level 2. HP: 16/27 MP: 1/1
    27 | D:1      | HP: 11/27 [rat (3)]
   488 | D:2      | Reached XP level 3. HP: 33/33 MP: 2/2
   515 | D:2      | Reached ** piety under Trog
   531 | D:2      | HP: 2/49 [gnoll/+0 flail (4)]
   532 | D:2      | Mangled by a gnoll

Skill      XL: |  1  2  3 |
---------------+----------+-----
Axes           | 4 |  4.6
Fighting       | 4 |  4.1
Armour         | 3 |  3.2
Dodging        | |  2.8

Action                   || total
-------------------------++-------
Melee: Hand axe          ||    48
       Headbutt          ||     9
Invok: Berserk           ||     1
Armor: Animal skin       ||     7
Dodge: Dodged            ||    34

Levels and vault maps discovered:
D:1:      roderic_chinese_lattice_arrival, layout_loops_ring,
          hangedman_decor_riveting
D:2:      layout_basic, first_ration
